 Dungeon Crawl Stone Soup version 0.30-a0-830-gfe289a77b0 (webtiles) character file.

Game seed: 3032482604305724154

30120 mandarbmax the Warrior (level 13, -2/225 HPs)
             Began as an Ogre Transmuter on Feb 28, 2023.
             Was a High Priest of Dithmenos.
             Slain by a redback (12 damage)
             ... on level 5 of the Lair of Beasts on Mar 1, 2023.
             The game lasted 00:34:10 (18397 turns).

mandarbmax the Warrior (Ogre Transmuter)           Turns: 18397, Time: 00:34:11

Health: -2/225     AC: 26    Str: 17    XL:     13   Next: 49%
Magic:  26/32      EV:  1    Int: 18    God:    Dithmenos [*****.]
Gold:   852        SH:  5    Dex:  9    Spells: 8/26 levels left

rFire   + . .      SeeInvis .      - Unarmed
rCold   . . .      Faith    .    (no shield)
rNeg    . . .      Spirit   .    (body armour currently unavailable)
rPois   +          Reflect  +    (helmet currently unavailable)
rElec   .          Harm     .    (cloak currently unavailable)
rCorr   .          Rampage  .    (gloves unavailable)
Will    +....      NoTele   +    (boots unavailable)
Stlth   +++                      c - amulet "Tamoysouth" {Reflect rF+ SH+5 Stlth+}
HPRegen 0.57/turn                w - +4 ring of slaying
MPRegen 0.23/turn                y - ring of magical power

@: tree-form, wereblooded, wreathed by umbra
A: stationary, stasis, torment immunity, boosted hp, large, unfitting armour,
(tough skin 1)
a: Renounce Religion, Shadow Step, Shadow Form


You were on level 5 of the Lair of Beasts.
You worshipped Dithmenos.
Dithmenos was extremely pleased with you.
You were a tree.
You visited 2 branches of the dungeon, and saw 17 of its levels.

You collected 936 gold pieces.
You spent 84 gold pieces at shops.

Inventory:

Missiles
 G - 2 throwing nets
Armour
 o - +3 steam dragon scales (melded)
 H - a +1 hat
 Q - a +0 cloak
Jewellery
 c - the amulet "Tamoysouth" (around neck) {Reflect rF+ SH+5 Stlth+}
   (You acquired it on level 6 of the Dungeon)

   [amulet of reflection]

   It reflects blocked missile attacks.
   rF:        It protects you from fire.
   SH:        It affects your SH (+5).
   Stlth:     It makes you more stealthy.
 t - the amulet of the Genius {+Inv Regen+ SInv}
   (You found it on level 3 of the Dungeon)

   [amulet of regeneration]

   SInv:      It lets you see invisible.
   +Inv:      It lets you turn invisible.
   Regen:     It increases your rate of health regeneration.
 w - a +4 ring of slaying (left branch)
 y - a ring of magical power (right branch)
 C - a ring of ice
 P - a ring of flight
Wands
 p - a wand of quicksilver (20)
 u - a wand of mindburst (7)
 x - a wand of polymorph (10)
 B - a wand of iceblast (16)
 F - a wand of charming (10)
Scrolls
 d - a scroll of enchant weapon
 e - 4 scrolls of fog
 f - 2 scrolls of magic mapping
 g - 4 scrolls of teleportation
 j - a scroll of butterflies
 r - a scroll of silence
 s - a scroll of immolation
 z - 3 scrolls of blinking
 A - 2 scrolls of fear
 D - a scroll of torment
 E - 2 scrolls of amnesia
 M - a scroll of brand weapon
 O - a scroll of identify
Potions
 a - 4 potions of might
 b - 3 potions of lignification
 h - a potion of brilliance
 i - 2 potions of invisibility
 k - a potion of haste
 l - 5 potions of magic
 m - 4 potions of mutation
 n - 7 potions of curing
 q - 2 potions of attraction {unknown}
 v - 3 potions of cancellation
 J - a potion of flight
 K - 2 potions of berserk rage {unknown}
 L - a potion of resistance {unknown}
 N - 2 potions of degeneration {unknown}


   Skills:
 + Level 15.2 Fighting
 * Level 8.1 Dodging
 * Level 10.3 Unarmed Combat
 + Level 7.1 Spellcasting
 - Level 9.0 Transmutations
 + Level 5.8 Ice Magic
 - Level 4.0 Evocations


You had 8 spell levels left.
You knew the following spells:

 Your Spells              Type           Power      Damage    Failure   Level
a - Summon Ice Beast      Ice/Summ       16%        N/A       32%         4
b - Wereblood             Tmut           38%        N/A       1%          2
c - Spider Form           Tmut/Pois      22%        N/A       4%          3
d - Ice Form              Ice/Tmut       33%        N/A       4%          4
e - Blade Hands           Tmut           19%        N/A       8%          5

Your spell library contained the following spells:

 Spells                   Type           Power      Damage    Failure   Level
 Beastly Appendage        Tmut           76%        N/A       1%          1
 Passwall                 Tmut/Erth      18%        N/A       2%          2
 Frozen Ramparts          Ice            54%        1d9       3%          3
 Apportation              Tloc           12%        N/A       11%         1
 Magic Dart               Conj           24%        1d4       11%         1
 Necrotise                Necr           24%        1d5       11%         1
 Sandblast                Erth           12%        2d6       11%         1
 Searing Ray              Conj           12%        2d4       16%         2
 Portal Projectile        Hex/Tloc       12%        N/A       32%         3
 Stone Arrow              Conj/Erth      12%        3d7       32%         3
 Tukima's Dance           Hex            6%         N/A       32%         3
 Vampiric Draining        Necr           6%         2d6       32%         3
 Vhi's Electric Charge    Tloc/Air       12%        N/A       32%         3
 Alistair's Intoxication  Tmut/Pois      14%        N/A       43%         5
 Animate Armour           Summ/Erth      12%        N/A       71%         4
 Fulminant Prism          Conj/Hex       3%         3d5       71%         4
 Freezing Cloud           Conj/Ice/Air   6%         6-21      80%         5
 Agony                    Necr           6%         N/A       96%         5
 Summon Hydra             Summ           3%         N/A       100%        7
 Lehudib's Crystal Spear  Conj/Erth      3%         10d2      100%        8


Dungeon Overview and Level Annotations

Branches:
Dungeon (12/15)            Temple (0/1) D:5            Lair (5/5) D:8
 Shoals (0/4) Lair:3        Snake (0/4) Lair:3        Slime (0/5) Lair:4
    Orc: D:9-12

Altars:
Dithmenos
Hepliaklqana
Kikubaaqudgha
Makhleb
Nemelex Xobeh
Okawaru
Ru
Sif Muna
Xom
The Shining One

Shops:
D:9 ?

Annotations:
D:6 3 runed translucent doors, GiantSquids's ghost, novice MiBe; cforsyth's ghost, novice KoBr; nono6's ghost, amateur HuMo; sircluck's ghost, weakling FeDe; xian's ghost, amateur DsAE
D:11 2 transporters, DiggyJ's ghost, novice HOFi


Innate Abilities, Weirdness & Mutations

You are a tree.
Your roots penetrate the ground, keeping you stationary.
You cannot be teleported.
You are immune to unholy pain and torment.
Your maximum health is greatly increased.
Your equipment is partially melded.
You are too large for most types of armour.
((You have tough skin. (AC +1)))


Message History

You feel extremely sick. The redback bites you!
* * * LOW HITPOINT WARNING * * *
You are more poisoned.
The redback poisons you!
A hornet comes into view.
You feel much better.
* * * LOW HITPOINT WARNING * * *
You feel extremely sick.
The redback bites you but does no damage.
The redback bites you!
* * * LOW HITPOINT WARNING * * *
You are more poisoned.
The redback poisons you!
You feel much better.
* * * LOW HITPOINT WARNING * * *
You feel extremely sick. The redback bites you!
* * * LOW HITPOINT WARNING * * *
Really quaff the potion of lignification?
Your hands revert to their normal proportions.
You turn into a tree.
Your +3 steam dragon scales melds into your body.
Your roots penetrate the ground.
* * * LOW HITPOINT WARNING * * *
You feel extremely sick.
The redback bites you but does no damage. x2
It was a potion of curing.
You feel better. The redback bites you!
* * * LOW HITPOINT WARNING * * *
You feel better.
The redback bites you but does no damage.
The redback bites you.
* * * LOW HITPOINT WARNING * * *
You barely miss the redback.
The redback is lightly wounded.
Your shadow barely misses the redback.
The redback completely misses you.
You closely miss the redback. You punch the redback.
The redback is lightly wounded.
The redback bites you!
You die... ####..†...# ## #.#. ......P.##P.... ... .
S.........#..P..
PP.

..
.....##...†##.....
...## .. .....
##....#..... ..#
... .....
##...##.... .#
.... ##...#....
##..## ##$♣# ##s#


#FS .:.. .#... ## .... ..... ....#### #.$### #. You could see a black mamba, a
cane toad and a redback.

Vanquished Creatures
  Erica (Lair:1)
  Harold (Lair:1)
  A two-headed ogre (D:8)
  A boulder beetle (Lair:4)
  Urug (Lair:1)
  Sonja (Lair:1)
  A sixfirhy (D:7)
  Pikel (D:9)
  A salamander (Lair:3)
  2 manticores
  6 black mambas
  A guardian serpent (Lair:5)
  8 cane toads
  3 komodo dragons
  A rime drake (Lair:2)
  2 polar bears
  5 trolls
  A wind drake (Lair:3)
  A nameless horror (Lair:4)
  14 blink frogs
  2 shadows
  7 wyverns
  3 wraiths
  A vampire (D:9)
  24 yaks
  A steam dragon (D:7)
  A redback (Lair:5)
  2 wargs (Lair:5)
  An acid dragon (D:12)
  11 water moccasins
  2 hell hounds (Lair:5)
  2 sky beasts
  3 orc warriors
  4 ice beasts
  3 black bears
  An ogre (D:5)
  8 wolves
  4 centaurs
  2 phantoms
  2 lemures (D:9)
  3 kobold brigands
  12 bullfrogs
  A gnoll sergeant (D:11)
  2 necrophages (D:5)
  7 scorpions
  14 wights
  22 killer bees
  2 howler monkeys
  An electric eel (D:8)
  2 lava snakes (Lair:3)
  2 bullfrog zombies (D:5)
  4 crimson imps (D:5)
  4 jellies
  2 hounds
  A human zombie (D:5)
  3 orc priests
  7 iguanas
  Ijyb (D:4)
  13 orc wizards
  Terence (D:2)
  2 scorpion zombies (D:5)
  Natasha (thrice) (D:2)
  7 hell rats (Lair:4)
  A centaur simulacrum (D:8)
  2 hound zombies (D:5)
  3 mummies (D:5)
  A howler monkey zombie (D:5)
  7 gnolls
  3 adders
  2 ufetubi
  A worm (D:3)
  2 dart slugs
  20 orcs
  4 endoplasms
  A giant cockroach (D:1)
  20 goblins
  11 hobgoblins
  7 jackals
  20 kobolds
  2 quokkas (D:3)
  19 ball pythons
  8 bats
  A frilled lizard (D:1)
  6 rats
394 creatures vanquished.

Vanquished Creatures (others)
  4 bushes (Lair:5)
  17 fungi
  52 plants
73 creatures vanquished.

Grand Total: 467 creatures vanquished

Notes
Turn   | Place    | Note
-------+----------+-------------------------------------------
     0 | D:1      | mandarbmax the Ogre Transmuter began the quest for the Orb.
     0 | D:1      | Reached XP level 1. HP: 19/19 MP: 3/3
    33 | D:1      | Got the Omnibus of the Gusty Entourage
   170 | D:1      | Reached XP level 2. HP: 28/28 MP: 3/5
   222 | D:1      | Found a faded altar of an unknown god.
   356 | D:1      | Prayed at the altar of an unknown god.
   356 | D:1      | Became a worshipper of Dithmenos the Shadowed
   356 | D:1      | Reached * piety under Dithmenos
   496 | D:1      | Reached skill level 2 in Fighting
   623 | D:1      | Learned a level 2 spell: Wereblood
   649 | D:1      | Reached XP level 3. HP: 30/35 MP: 5/7
  1256 | D:2      | Reached ** piety under Dithmenos
  1328 | D:2      | Reached skill level 3 in Fighting
  1346 | D:2      | Learned a level 3 spell: Spider Form
  1537 | D:2      | Noticed Natasha
  1551 | D:2      | Killed Natasha
  1552 | D:2      | Reached XP level 4. HP: 27/45 MP: 6/8
  1850 | D:2      | Noticed Terence
  1872 | D:2      | Killed Terence
  1873 | D:2      | Reached skill level 4 in Fighting
  1873 | D:2      | Reached XP level 5. HP: 31/54 MP: 6/9
  2136 | D:2      | Noticed Natasha
  2142 | D:2      | Killed Natasha
  2460 | D:2      | Noticed Natasha
  2468 | D:2      | Killed Natasha
  2469 | D:2      | Reached skill level 5 in Fighting
  2848 | D:3      | Reached XP level 6. HP: 65/66 MP: 0/10
  3343 | D:3      | Identified the amulet of the Genius {+Inv Regen+ SInv}
  3787 | D:4      | Noticed a black bear
  3800 | D:4      | Killed a black bear
  3974 | D:4      | Found a hazy altar of Hepliaklqana.
  4031 | D:4      | Reached *** piety under Dithmenos
  4116 | D:4      | Noticed Ijyb
  4126 | D:4      | Killed Ijyb
  4127 | D:4      | Reached skill level 1 in Evocations
  4127 | D:4      | Reached XP level 7. HP: 74/74 MP: 6/11
  4133 | D:4      | Learned a level 4 spell: Ice Form
  4464 | D:5      | Entered Level 5 of the Dungeon
  4601 | D:5      | Reached skill level 6 in Fighting
  4761 | D:5      | Found a staircase to the Ecumenical Temple.
  4782 | D:5      | Reached skill level 5 in Unarmed Combat
  4883 | D:5      | Reached XP level 8. HP: 84/84 MP: 12/12
  5005 | D:5      | Found a shimmering altar of Xom.
  5042 | D:5      | Reached skill level 7 in Fighting
  5125 | D:5      | Identified the +3 dagger of Causality {freeze, Dex+4}
  5491 | D:5      | Found a glowing golden altar of the Shining One.
  5794 | D:5      | Reached skill level 8 in Fighting
  5825 | D:5      | Found an ancient bone altar of Kikubaaqudgha.
  5849 | D:5      | Reached **** piety under Dithmenos
  6085 | D:6      | Found an iron altar of Okawaru.
  6099 | D:6      | Reached XP level 9. HP: 97/97 MP: 13/13
  6100 | D:6      | Reached skill level 9 in Fighting
  6150 | D:6      | Identified a scroll of acquirement
  6151 | D:6      | Acquired the amulet "Tamoysouth" {Reflect rF+ SH+5 Stlth+}
  6300 | D:6      | Reached skill level 10 in Fighting
  6675 | D:6      | Found a shimmering blue altar of Sif Muna.
  6791 | D:6      | Found a runed translucent gate.
  6792 | D:6      | Found a runed translucent gate.
  6792 | D:6      | Found a runed translucent gate.
  6793 | D:6      | Noticed sircluck's ghost (weakling FeDe)
  6793 | D:6      | Noticed GiantSquids's ghost (novice MiBe)
  6793 | D:6      | Noticed nono6's ghost (amateur HuMo)
  6793 | D:6      | Noticed xian's ghost (amateur DsAE)
  6793 | D:6      | Noticed cforsyth's ghost (novice KoBr)
  7071 | D:6      | Reached skill level 11 in Fighting
  7265 | D:7      | Found a runed translucent door.
  7271 | D:7      | Noticed a sixfirhy
  7285 | D:7      | Killed a sixfirhy
  7437 | D:7      | Reached skill level 5 in Transmutations
  7437 | D:7      | Reached XP level 10. HP: 90/114 MP: 16/16
  8570 | D:8      | Found a sacrificial altar of Ru.
  8968 | D:8      | Reached skill level 5 in Dodging
  9195 | D:8      | Noticed a two-headed ogre
  9219 | D:8      | Killed a two-headed ogre
  9220 | D:8      | Reached skill level 12 in Fighting
  9229 | D:8      | Reached XP level 11. HP: 35/123 MP: 17/17
  9489 | D:8      | Found a staircase to the Lair.
  9932 | D:9      | Found a shadowy altar of Dithmenos.
  9933 | D:9      | Found a burning altar of Makhleb.
  9992 | D:9      | Reached skill level 1 in Ice Magic
 10044 | D:9      | Found The Oracle's Delphic Readings.
 10070 | D:9      | Bought 2 scrolls of identify for 56 gold pieces
 10070 | D:9      | Bought a scroll of identify for 28 gold pieces
 10437 | D:9      | Noticed Pikel
 10447 | D:9      | Killed Pikel
 10977 | D:10     | Entered Level 10 of the Dungeon
 11023 | D:10     | Reached ***** piety under Dithmenos
 11070 | D:10     | HP: 5/126 [yak (14)]
 11079 | D:10     | Reached skill level 13 in Fighting
 11871 | D:10     | Found a sparkling altar of Nemelex Xobeh.
 12145 | D:11     | Identified the +6 falchion "Ovu Gany" {pain, rElec rF+
                  | Will+ Dex+3}
 12151 | D:11     | Learned a level 4 spell: Summon Ice Beast
 12242 | D:11     | Found a transporter.
 12250 | D:11     | Found a transporter.
 12257 | D:11     | Noticed DiggyJ's ghost (novice HOFi)
 12302 | D:11     | Noticed a manticore
 12314 | D:11     | Killed a manticore
 12577 | D:11     | Reached XP level 12. HP: 126/137 MP: 18/18
 13083 | D:12     | Reached skill level 14 in Fighting
 13207 | Lair:1   | Entered Level 1 of the Lair of Beasts
 13372 | Lair:1   | Reached skill level 5 in Spellcasting
 13406 | Lair:1   | Noticed Urug
 13413 | Lair:1   | Killed Urug
 13441 | Lair:1   | Learned a level 5 spell: Blade Hands
 13558 | Lair:1   | Noticed Harold
 13572 | Lair:1   | Killed Harold
 13719 | Lair:1   | Noticed Sonja
 13729 | Lair:1   | Killed Sonja
 13730 | Lair:1   | Noticed Erica
 13740 | Lair:1   | Killed Erica
 15915 | Lair:3   | Found a staircase to the Shoals.
 16531 | Lair:3   | Found a staircase to the Snake Pit.
 16766 | Lair:4   | Reached skill level 5 in Ice Magic
 16773 | Lair:4   | Reached XP level 13. HP: 148/148 MP: 22/22
 16943 | Lair:4   | Identified the +7 hand axe of Fundamental Breach {venom,
                  | rF+ rCorr SInv}
 17463 | Lair:4   | Found a staircase to the Slime Pits.
 17829 | Lair:5   | Entered Level 5 of the Lair of Beasts
 17839 | Lair:5   | Reached skill level 15 in Fighting
 17980 | Lair:5   | Reached skill level 10 in Unarmed Combat
 18393 | Lair:5   | HP: 2/225 [poisoned by a redback]
 18397 | Lair:5   | Slain by a redback

Illustrated notes

Levels and vault maps discovered:
D:1:      eino_arrival_water_cross, layout_loops_ring, basic_ecumenical_altar
D:2:      layout_loops_ring, minmay_tetromino_o4, uniq_terence, uniq_natasha
D:3:      layout_basic
D:4:      kennysheep_goblin_castle, layout_cave_pools, kennysheep_mini
D:5:      layout_loops_ring, led_xom_imps, lemuel_mausoleum_altar_kikubaaqudgha,
          nicolae_tso_swordbearing_angel, minmay_temple_entry_overgrown,
          chequers_serial_rivers_room_b, st_stairs_9,
          hangedman_abyss_or_decor_passed, chequers_jeans,
          kennysheep_opposing_triangles
D:6:      layout_basic, kennysheep_mini_moat, mainiacjoe_overflow_catwalk,
          gammafunk_ghost_cemetery
D:7:      cheibrodos_shockbox, layout_basic, roderic_filled_cross,
          serial_bayou_pond_e
D:8:      layout_rooms, mainiacjoe_overflow_surrounded_room,
          grunt_lair_entry_orc_guard_hut, serial_ice, serial_ice_a,
          serial_ice_b, serial_ice_k, serial_ice_c
D:9:      layout_basic, grunt_dithmenos_smoke, overflow_temple_1_default,
          serial_park_tiny_1, nicolae_nh_oracle_at_delphi, uniq_pikel
D:10:     layout_cave_pools, nemelex_xobeh_ov_fountains_minmay
D:11:     layout_loops_corners, gammafunk_ghost_stat_death
D:12:     layout_loops_corners, david_orc_1_choice
Lair:1:   layout_loops_ring, lemuel_fruit_tree, uniq_erica, uniq_urug,
          uniq_sonja, uniq_harold
Lair:2:   layout_regular_city
Lair:3:   layout_loops_ring, minmay_shoals_entry_beasts,
          nicolae_snake_entry_warm_welcome, nicolae_quartered_pool_medium
Lair:4:   layout_regular_city, slime_entry_1
Lair:5:   hangedman_lair_caniforms_friends, layout_regular_city,
          hangedman_lair_tendril_chambers, small_statue_intersection

Skill      XL: |  1  2  3  4  5  6  7  8  9 10 11 12 13 |
---------------+----------------------------------------+-----
Transmutations | 2 3 4 5 6 8 9 |  9.0
Dodging        | 2 3 5 6 7 8 |  8.1
Fighting       | 2 3 4 5 6 8 11 12 13 14 15 | 15.2
Unarmed Combat | 3 4 5 6 7 8 9 10 | 10.3
Spellcasting   | 3 4 6 7 |  7.1
Evocations     | 1 2 4 |  4.0
Ice Magic      | 4 5 |  5.8

Action                     |  1- 3 |  4- 6 |  7- 9 | 10-12 | 13-15 || total
---------------------------+-------+-------+-------+-------+-------++-------
  Melee: Unarmed           |   102 |   151 |   247 |   577 |   119 ||  1196
         Kick              |    20 |    14 |     9 |       |       ||    43
         Headbutt          |    11 |    10 |     5 |       |       ||    26
         Punch             |       |     2 |       |     7 |     6 ||    15
   Cast: Beastly Appendage |    37 |    15 |     2 |       |       ||    54
         Wereblood         |     1 |    10 |    10 |    39 |     5 ||    65
         Spider Form       |       |    20 |    39 |    49 |       ||   108
         Blade Hands       |       |       |       |    15 |    17 ||    32
         Ice Form          |       |       |       |     8 |     1 ||     9
         Summon Ice Beast  |       |       |       |       |     1 ||     1
    Use: Scroll            |       |       |    14 |    14 |     4 ||    32
         Potion            |       |       |       |     1 |     7 ||     8
   Stab: Sleeping          |       |     1 |     1 |    10 |     1 ||    13
 Armour: Robe              |    31 |    20 |    11 |       |       ||    62
         Skin              |       |     2 |     5 |    16 |     6 ||    29
         Steam dragon scal |       |       |       |     9 |    20 ||    29
  Dodge: Dodged            |    55 |   113 |   161 |   538 |    55 ||   922
  Block: Other             |       |       |    22 |   133 |    25 ||   180
         Reflection        |       |       |       |     6 |       ||     6

Table legend: (Time is in decaauts)
 A = Elapsed time spent in this place.
 B = Non-inter-level travel time spent in this place.
 C = Inter-level travel time spent in this place.
 D = Time resting spent in this place.
 E = Time spent auto-exploring this place.
 F = Levels seen in this place.
 G = Mean time per level.
                   A        B        C        D        E       F      G
               +--------+--------+--------+--------+--------+-----+--------+
         Total |  18253 |  17710 |    543 |    767 |  14104 |  17 | 1073.7 |
       Dungeon |  13110 |  12628 |    482 |    703 |   9741 |  12 | 1092.5 |
          Lair |   5143 |   5083 |     60 |     64 |   4363 |   5 | 1028.6 |
               +--------+--------+--------+--------+--------+-----+--------+

Top non-repeatable levels by time:
     D:5: 1527 daAuts
     D:9: 1479 daAuts
  Lair:3: 1473 daAuts
     D:2: 1378 daAuts
     D:6: 1349 daAuts
     D:8: 1256 daAuts
  Lair:4: 1119 daAuts
     D:3: 1106 daAuts
  Lair:1: 1087 daAuts
     D:4: 1079 daAuts
    D:11: 1014 daAuts
     D:7: 1008 daAuts
     D:1: 953 daAuts
  Lair:2: 909 daAuts
    D:10: 885 daAuts
